 Dungeon Crawl Stone Soup version 0.17-a0-2073-gde5cdba (webtiles) character file.

123 radek the Conjurer (level 4, -1/24 HPs)
             Began as a Deep Elf Conjurer on Oct 15, 2015.
             Killed by divine providence
             ... invoked by an orc priest
              (14 damage)
             ... on level 3 of the Dungeon.
             The game lasted 00:10:47 (3183 turns).

radek the Conjurer (Deep Elf Conjurer)              Turns: 3183, Time: 00:10:48

Health: -1/24      AC:  2    Str:  5    XL:     4   Next: 79%
Magic:  3/10       EV: 13    Int: 21    God:
Gold:   121        SH:  0    Dex: 15    Spells: 1 memorised, 8 levels left

rFire  . . .     SeeInvis .     (no weapon)
rCold  . . .     Clarity  .     a - +0 robe
rNeg   . . .     SustAt   .     (no shield)
rPois  .         Gourm    .     (no helmet)
rElec  .         Spirit   .     (no cloak)
rCorr  .         Warding  .     (no gloves)
rMut   .         Stasis   .     (no boots)
MR     .....                    (no amulet)
Stlth  ++........               (no ring)
                                (no ring)

@: not resistant to hostile enchantments, unstealthy
A: no striking features
a: no special abilities


You were on level 3 of the Dungeon.
You were not hungry.

You visited 1 branch of the dungeon, and saw 3 of its levels.

You collected 121 gold pieces.

Inventory:

Armour
 a - a +0 robe (worn)
Scrolls
 d - 2 scrolls of enchant weapon {unknown}
 e - a scroll of enchant armour {unknown}
 f - a scroll of blinking {unknown}
 g - 3 scrolls of identify {unknown}
 i - a scroll of teleportation {unknown}
 k - 3 scrolls of remove curse {unknown}
 q - a scroll of fear {unknown}
Potions
 h - a potion of heal wounds {unknown}
 l - a potion of mutation {unknown}
 m - a potion of curing {unknown}
 n - a potion of cure mutation {unknown}
 o - a potion of might {unknown}
Books
 b - a book of Conjurations

   Spells                             Type                      Level
   a - Magic Dart                     Conjuration                  1
   b - Searing Ray                    Conjuration                  2
   c - Dazzling Spray                 Conjuration/Hexes            3
   d - Fulminant Prism                Conjuration/Hexes            4
   e - Iskenderun's Mystic Blast      Conjuration                  4
   f - Iskenderun's Battlesphere      Conjuration/Charms           5
Comestibles
 c - 4 bread rations
 j - a fruit
 p - 3 chunks of flesh


   Skills:
 - Level 2.4 Dodging
 - Level 2.4 Stealth
 - Level 3.0 Spellcasting
 * Level 6.8 Conjurations


You had 8 spell levels left.
You knew the following spells:

 Your Spells              Type           Power        Failure   Level  Hunger
a - Magic Dart            Conj           ####         1%          1    None


Dungeon Overview and Level Annotations

Branches:
Dungeon (3/15)

Altars:
Cheibriados
Sif Muna
Vehumet
The Shining One


Message History

Casting: Magic Dart
Confirm with . or Enter, or press ? or * to list all spells.
Aiming: Magic Dart
Press: ? - help, Shift-Dir - straight line, f/p - orc priest
Aim: an orc priest, wielding a flail (moderately wounded)
The magic dart hits the orc priest.
The orc priest is severely wounded.
The orc priest mumbles some strange prayers to Beogh against you.
Something smites you!
Casting: Magic Dart
Confirm with . or Enter, or press ? or * to list all spells.
Aiming: Magic Dart
Press: ? - help, Shift-Dir - straight line, f/p - orc priest
Aim: an orc priest, wielding a flail (severely wounded)
The magic dart hits the orc priest.
The orc priest is almost dead.
The orc priest mumbles some strange prayers to Beogh against you.
Something smites you!
Ouch! That really hurt!
You die...

. ...
.....###########
....)o)@..<....#
####.#########.#
########.##
..........#
.......#..#
######.#..#
###.#..#######
..............#
.###.########.#


You could see an orc priest.

Vanquished Creatures
  4 gnolls (D:2)
  3 adders (D:2)
  2 worms (D:2)
  4 orcs (D:3)
  2 ball pythons
  4 giant cockroaches
  9 hobgoblins
  3 jackals (D:3)
  3 bats
  2 giant newts
  5 goblins
  10 kobolds
  2 rats
53 creatures vanquished.

Notes
Turn   | Place    | Note
--------------------------------------------------------------
     0 | D:1      | radek the Deep Elf Conjurer began the quest for the Orb.
     0 | D:1      | Reached XP level 1. HP: 10/10 MP: 6/6
   252 | D:1      | Reached XP level 2. HP: 15/15 MP: 4/8
   343 | D:1      | Reached skill level 5 in Conjurations
  1115 | D:2      | Reached XP level 3. HP: 8/19 MP: 4/9
  1142 | D:2      | HP: 1/28 [poisoned by an adder]
  1871 | D:2      | Reached skill level 6 in Conjurations
  1873 | D:2      | Reached XP level 4. HP: 24/24 MP: 1/10
  3063 | D:3      | Found a glowing golden altar of the Shining One.
  3063 | D:3      | Found a deep blue altar of Sif Muna.
  3064 | D:3      | Found a snail-covered altar of Cheibriados.
  3075 | D:3      | Found a radiant altar of Vehumet.
  3183 | D:3      | Killed from afar by an orc priest

Vault maps used:
D:1:      mainiacjoe_arrival_reflecting_pool, serial_forest,
          infiniplex_forest_corner_1, infiniplex_forest_clump_diagonal,
          infiniplex_forest_side_room, infiniplex_forest_3_way,
          infiniplex_forest_clump_double, infiniplex_forest_lined_4_way
D:2:      first_bread, kennysheep_nondescript
D:3:      nicolae_overflow_quartered_altars, uniq_iyjb

Action                   |  1- 3 |  4- 6 || total
-------------------------+-------+-------++-------
Melee: Unarmed           |     2 |       ||     2
 Cast: Magic Dart        |    70 |    51 ||   121
  Use: Potion            |     3 |       ||     3
  Eat: Chunk             |     1 |     1 ||     2
       Royal jelly       |     1 |       ||     1
       Fruit             |       |     1 ||     1
       Beef jerky        |       |     1 ||     1
